Map: Ruins of Seras

Players

Chernobog - Winner!

  • Race: Protoss Protoss
  • League: Gold

eimaXe

  • Race: Terran Terran
  • League: Platinum

VOD

Have the link to the VOD?

Description

the power of protoss

Time

  • Played on: Oct. 16, 2015, 3:23 a.m.
  • Length: 18:03
Show
View Real Time Build Order
Export as new Build Order

Chernobog Protoss - Winner!

Build Orders: Oracle Opening 

Get SALT Encoding   

  12  0:01  Probe (Chrono Boost)  
  13  0:11  Probe (Chrono Boost)  
  14  0:18  Pylon  
  14  0:27  Probe (Chrono Boost)  
  15  0:42  Gateway  
  15  0:43  Probe (Chrono Boost)  
  15  0:47  Assimilator  
  16  0:54  Probe (Chrono Boost)  
  17  1:05  Probe (Chrono Boost)  
  17  1:09  Pylon  
  18  1:15  Probe (Chrono Boost)  
  19  1:26  Probe (Chrono Boost)  
  19  1:30  Cybernetics Core  
  20  1:35  Assimilator  
  20  1:36  Probe (Chrono Boost)  
  20  1:38  Zealot  
  24  1:47  Probe (Chrono Boost)  
  24  1:58  Probe (Chrono Boost)  
  25  2:08  Warp Gate  
  25  2:10  Mothership Core (Chrono Boost)  
  27  2:23  Nexus  
  27  2:30  Pylon  
  27  2:34  Probe (Chrono Boost)  
  28  2:39  Adept  
  30  2:54  Stargate  
  30  2:58  Pylon  
  30  3:01  Probe (Chrono Boost)  
  31  3:08  Stalker  
  33  3:22  Gateway  
  33  3:29  Gateway  
  33  3:35  Probe (Chrono Boost)  
  33  3:36  Probe (Chrono Boost)  
  35  3:44  Oracle (Chrono Boost)  
  35  3:47  Probe  
  39  3:49  Probe  
  40  4:00  Probe  
  40  4:01  Probe  
  42  4:11  Probe  
  42  4:12  Protoss Air Weapons Level 1  
  43  4:21  Probe  
  43  4:22  Probe  
  45  4:26  Sentry  
  45  4:27  Sentry  
  45  4:28  Zealot  
  49  4:49  Stalker  
  49  4:50  Stalker  
  51  5:00  Stalker  
  47  5:26  Probe  
  47  5:27  Probe  
  44  5:30  Stalker  
  44  5:31  Stalker x2  
  40  5:54  Stalker x3, Mothership Core  
  48  6:03  Gateway  
  48  6:04  Gateway  
  48  6:07  Gateway  
  48  6:10  Gateway  
  48  6:12  Probe  
  48  6:14  Probe  
  48  6:15  Assimilator  
  48  6:17  Assimilator  
  44  6:24  Stalker x2, Probe  
  44  6:25  Stalker  
  45  6:45  Pylon  
  45  6:48  Stalker x3  
  39  7:10  Void Ray (Chrono Boost)  
  42  7:17  Stalker  
  42  7:18  Zealot x2  
  42  7:20  Zealot x4  
  42  7:42  Zealot  
  42  7:43  Stalker  
  42  7:44  Stalker x2  
  47  7:45  Stalker  
  47  7:46  Zealot  
  41  8:07  Oracle (Chrono Boost)  
  41  8:08  Zealot  
  41  8:09  Zealot x3  
  41  8:10  Zealot  
  54  8:17  Pylon  
  52  8:20  Pylon  
  52  8:22  Probe  
  52  8:23  Probe  
  54  8:32  Probe  
  51  8:35  Probe  
  51  8:43  Probe  
  51  8:48  Stalker x4  
  54  8:49  Stalker x2  
  54  8:50  Zealot  
  66  9:05  Probe  
  66  9:07  Probe  
  68  9:16  Probe  
  67  9:19  Probe, Gateway  
  69  9:27  Probe  
  69  9:31  Nexus  
  70  9:32  Pylon  
  70  9:35  Pylon  
  70  9:40  Probe  
  70  9:42  Probe  
  70  9:51  Oracle (Chrono Boost)  
  70  9:52  Pylon  
  73  9:54  Pylon  
  73  9:58  Probe  
  73  9:59  Robotics Facility  
  74  10:01  Probe  
  74  10:02  Twilight Council  
  75  10:10  Probe  
  75  10:14  Stalker x2  
  79  10:23  Void Ray (Chrono Boost)  
  83  10:33  Probe  
  85  10:36  Mothership Core  
  86  10:46  Charge  
  86  10:48  Probe  
  86  10:50  Probe  
  86  10:51  Robotics Bay  
  86  10:56  Probe  
  88  10:59  Probe  
  88  11:02  Probe  
  66  11:24  Stalker x6  
  66  11:25  Zealot  
  68  11:46  Zealot  
  70  11:47  Probe, Zealot x5  
  81  12:06  Warp Prism  
  83  12:14  Assimilator  
  79  12:18  Assimilator  
  73  12:26  Resonating Glaives  
  69  12:30  Stalker x2  
  69  12:31  Stalker x3  
  69  12:33  Zealot  
  81  12:45  Void Ray (Chrono Boost)  
  81  12:48  Disruptor  
  86  13:05  Stalker  
  86  13:06  Stalker x2  
  86  13:07  Stalker x2  
  86  13:08  Stalker  
  81  13:37  Zealot x5  
  81  13:38  Zealot x3  
  81  13:54  Disruptor  
  82  14:02  Stalker x2  
  76  14:03  Stalker x2  
  76  14:04  Zealot  
  82  14:17  Void Ray (Chrono Boost)  
  82  14:30  Disruptor  
  85  14:36  Templar Archives  
  85  14:43  Stalker x2  
  85  14:44  Stalker  
  91  14:46  Adept  
  91  14:49  Adept  
  93  15:06  Disruptor  
  96  15:10  Nexus  
  96  15:11  Pylon  
  96  15:13  Templar Archives  
  88  15:32  High Templar x4  
  88  15:33  Stalker x2  
  88  15:34  Stalker  
  102  15:36  Archon x2  
  102  15:46  Void Ray (Chrono Boost)  
  102  15:47  Disruptor  
  97  16:59  Probe  
  98  17:01  Probe  
  98  17:03  Stalker x2  
  98  17:04  Stalker x2, Zealot x3  
  98  17:05  Zealot  
  108  17:47  Stalker x4, Zealot  
  108  17:48  Zealot x3  
  124  18:02  Nexus  
Show
View Real Time Build Order
Export as new Build Order

eimaXe Terran 

Build Orders:  

Get SALT Encoding   

  12  0:02  SCV  
  13  0:14  SCV  
  14  0:18  Supply Depot  
  14  0:26  SCV  
  15  0:40  SCV  
  15  0:41  Barracks  
  16  0:52  SCV  
  16  0:55  Refinery  
  16  0:56  Refinery  
  17  1:04  SCV  
  19  1:18  SCV  
  21  1:33  Orbital Command  
  21  1:35  Supply Depot  
  20  1:42  Factory  
  20  1:57  Barracks Reactor  
  20  2:00  SCV  
  20  2:09  Supply Depot  
  20  2:14  SCV  
  21  2:26  SCV  
  21  2:28  Factory  
  22  2:30  Starport  
  22  2:32  Factory Tech Lab  
  22  2:38  Supply Depot, Marine  
  22  2:39  Marine  
  24  2:53  Engineering Bay  
  24  2:55  Siege Tank  
  24  2:58  Marine  
  28  3:04  Marine  
  29  3:10  Medivac  
  31  3:16  Marine  
  32  3:21  Missile Turret  
  32  3:24  Marine  
  33  3:33  Marine  
  33  3:34  Widow Mine  
  34  3:39  Barracks  
  36  3:44  Viking  
  38  3:52  Marine x2  
  40  3:59  Supply Depot  
  40  4:10  Widow Mine, Marine  
  40  4:12  Marine  
  40  4:14  Viking  
  46  4:22  Supply Depot  
  46  4:30  Marine x3  
  48  4:47  Viking  
  48  4:48  Marine x3  
  50  5:05  Marine  
  50  5:06  Marine  
  50  5:07  Marine  
  47  5:23  Marine  
  48  5:32  Marine  
  48  5:33  Marine  
  48  5:34  Widow Mine  
  48  5:41  Marine  
  45  5:50  Viking, Marine x2  
  48  5:59  Marine  
  48  6:03  Widow Mine  
  51  6:08  Marine  
  51  6:11  Marine  
  52  6:12  Command Center  
  53  6:20  Viking  
  52  6:38  Marine  
  52  6:39  Marine  
  54  6:50  Marine  
  54  6:56  Marine  
  54  6:57  Marine  
  52  7:08  Marine  
  46  7:14  Marine x2  
  48  7:25  Marine  
  48  7:28  Medivac  
  47  7:32  Marine x2  
  48  7:43  Marine  
  49  7:50  Marine x2  
  49  8:01  Marine  
  49  8:03  Medivac  
  49  8:04  Siege Tank  
  47  8:08  Marine x2  
  48  8:19  Marine  
  49  8:20  SCV  
  49  8:22  Orbital Command  
  49  8:31  Refinery  
  49  8:32  SCV, Barracks  
  48  8:37  Siege Tank  
  43  9:12  Barracks Tech Lab  
  43  9:14  SCV  
  44  9:18  Cyclone  
  44  9:19  Marine x2  
  44  9:21  Barracks Reactor  
  49  9:26  SCV  
  49  9:27  SCV  
  49  9:30  Supply Depot  
  51  9:37  Marine x2  
  51  9:38  SCV  
  55  9:39  SCV  
  55  9:43  Marauder  
  55  9:47  Stimpack  
  55  9:50  SCV  
  55  9:51  SCV  
  57  9:53  Barracks  
  57  9:58  Supply Depot, Marine  
  57  9:59  Liberator, Marine x3  
  61  10:04  Marauder  
  63  10:12  Factory Tech Lab  
  66  10:29  Marine x3  
  66  10:30  Marauder  
  66  10:34  Terran Infantry Weapons Level 1  
  71  10:39  Missile Turret  
  71  10:42  Liberator  
  71  10:44  Supply Depot  
  71  10:51  Marauder, Marine x2  
  69  11:12  Marauder  
  64  11:20  Marine x4  
  61  11:33  Unknown  
  61  11:34  Marauder  
  61  11:37  Marine  
  61  11:38  Liberator, Marine x2  
  61  11:44  Marine  
  57  11:47  Combat Shields  
  57  11:55  Marine, Marauder  
  57  11:56  Marine  
  57  11:57  Widow Mine  
  62  12:17  Marauder  
  62  12:21  Liberator, Marine  
  62  12:22  Marine x3  
  57  12:38  Marauder  
  57  12:42  Command Center  
  61  12:51  Marine x3  
  58  12:52  Marine  
  60  12:59  Marauder  
  60  13:09  Marine x3  
  60  13:10  Marine  
  64  13:21  Marauder  
  64  13:27  Marine x3  
  64  13:34  Marine  
  58  13:42  Marauder  
  58  13:44  Marine  
  50  13:58  Marine  
  50  13:59  Marine x2  
  50  14:02  Marine  
  46  14:03  Marauder  
  49  14:11  Siege Tank  
  49  14:13  Medivac  
  49  14:16  Marine  
  53  14:17  Marine  
  53  14:20  Planetary Fortress  
  54  14:25  SCV, Refinery x2, Marauder  
  54  14:26  SCV  
  58  14:35  Armory  
  58  14:38  SCV  
  60  14:43  Orbital Command  
  59  14:46  Marauder  
  59  14:48  Refinery, Liberator  
  59  14:50  SCV  
  62  15:02  SCV  
  62  15:04  Marine x2  
  62  15:05  Marine x2  
  70  15:08  Marauder  
  72  15:14  SCV  
  73  15:22  Marine x3  
  73  15:23  Marine  
  73  15:26  SCV  
  73  15:29  Marauder  
  75  15:40  SCV x3, Marine x2  
  75  15:42  Sensor Tower  
  80  15:50  Marauder, Marine x2  
  80  15:52  SCV  
  85  16:00  Marine, Medivac  
  85  16:01  Marine  
  89  16:12  Marauder  
  89  16:14  Liberator  
  78  16:21  Marine x3  
  78  16:24  Marine  
  64  16:33  Marauder  
  64  16:39  Marine x3  
  66  16:42  Marine  
  63  16:55  Marauder  
  63  16:57  Liberator  
  62  17:04  Marine x3  
  62  17:05  Marine  
  59  17:10  SCV  
  63  17:16  Marauder  
  63  17:22  SCV  
  45  17:31  Marine  
  45  17:34  SCV, Marine  
  43  17:37  Marauder, Marine  
  37  17:46  SCV  
Tags
 
Add a new tag
Caveats
  • Supply blocks, unpowered buildings, or Contaminate may cause inaccurate times.
  • Supply counts are checked every 10 seconds.